 Dungeon Crawl Stone Soup version 0.29-a0-732-g3d7fbe0af2 (webtiles) character file.

Game seed: 13947648642659773520

586364 zishaf the Meteorologist (level 26, -4/180 HPs)
             Began as a Tengu Air Elementalist on June 24, 2022.
             Was the Champion of Dithmenos.
             Succumbed to a putrid mouth's dark miasma
             ... on level 1 of the Depths on June 29, 2022.
             The game lasted 04:59:39 (98035 turns).

zishaf the Meteorologist (Tengu Air Elementalist)  Turns: 98035, Time: 04:59:40

Health: -4/180     AC: 21    Str:  9    XL:     26   Next: 85%
Magic:  21/55      EV: 14    Int: 36    God:    Dithmenos [******]
Gold:   3815       SH: 16    Dex: 15    Spells: 8/61 levels left

rFire   + + .      SeeInvis .   b - staff of air
rCold   + + .      Faith    .   s - +5 kite shield {AC+3}
rNeg    + . .      Spirit   .   u - +3 troll leather armour of Liberty {Regen+ rCorr Int+5 Dex-2 Slay-2}
rPois   .          Reflect  .   d - +2 hat {Will+}
rElec   +          Harm     .   E - +2 cloak {rCorr}
rCorr   +          Rampage  .   x - +2 pair of gloves
Will    ++...      Clarity  +   (boots unavailable)
Stlth   +++.......              W - macabre finger necklace {rN+}
HPRegen 1.20/turn               e - ring of Paet Nob {rF+ MP+9}
MPRegen 0.34/turn               T - ring of the Salamander {rC+ Int+4}
                                L - ring "Giory" {rF+ rCorr Int+4}

@: lethally poisoned (-4 -> -19), flying quickly and evasively, slowed, wreathed
by umbra, studying 4 skills, very slow
A: beak, talons 3, nimble flight, clarity, cold resistance 1, dopey 1, passive
freeze
}: 4/15 runes: decaying, serpentine, slimy, silver
a: Renounce Religion, Shadow Step, Shadow Form


You were on level 1 of the Depths.
You worshipped Dithmenos.
Dithmenos was exalted by your worship.
You visited 10 branches of the dungeon, and saw 49 of its levels.
You visited 2 bazaars.
You also visited: Sewer, Gauntlet, Ice Cave and Wizlab.

You collected 7736 gold pieces.
You spent 3921 gold pieces at shops.

Inventory:

Hand Weapons
 a - a +8 vampiric demon trident
 N - the +7 flail of Kismet {vorpal, rF++ Int+3}
   (You found it on level 11 of the Dungeon)

   It inflicts extra damage upon your enemies.
   Int:       It affects your intelligence (+3).
   rF:        It greatly protects you from fire.
Armour
 d - a +2 hat of willpower (worn)
 s - a +5 kite shield of protection (worn)
 u - the +3 troll leather armour of Liberty (worn) {Regen+ rCorr Int+5 Dex-2 Slay-2}
   (You found it in a Gauntlet)

   Int:       It affects your intelligence (+5).
   Dex:       It affects your dexterity (-2).
   Slay:      It affects your accuracy & damage with ranged weapons and melee
   (-2).
   Regen:     It increases your rate of health regeneration.
   rCorr:     It protects you from acid and corrosion.
 x - a +2 pair of gloves (worn)
 E - a +2 cloak of preservation (worn)
Magical Staves
 b - a staff of air (weapon)
Jewellery
 c - the ring of Meelanes {rC+ Str+6 Dex+7}
   (You took it off a deep elf death mage on level 3 of the Elven Halls)

   [ring of strength]

   Str:       It affects your strength (+6).
   Dex:       It affects your dexterity (+7).
   rC:        It protects you from cold.
 e - the ring of Paet Nob (left hand) {rF+ MP+9}
   (You bought it in a shop in a bazaar)

   [ring of magical power]

   rF:        It protects you from fire.
   MP:        It affects your magic capacity (+9).
 B - the ring of Bagaesare {rC+ SInv}
   (You took it off an ogre mage on level 5 of the Vaults)

   [ring of see invisible]

   rC:        It protects you from cold.
   SInv:      It lets you see invisible.
 L - the ring "Giory" (on amulet) {rF+ rCorr Int+4}
   (You took it off a deep elf sorcerer on level 3 of the Elven Halls)

   [ring of protection from fire]

   Int:       It affects your intelligence (+4).
   rF:        It protects you from fire.
   rCorr:     It protects you from acid and corrosion.
 R - a +4 ring of evasion
 T - the ring of the Salamander (right hand) {rC+ Int+4}
   (You found it in an ice cave)

   [ring of protection from cold]

   Int:       It affects your intelligence (+4).
   rC:        It protects you from cold.
 V - the ring "Foijakli" {*Slow Fly rF+ rC+ rN+}
   (You found it in an ice cave)

   [ring of protection from cold]

   rF:        It protects you from fire.
   rC:        It protects you from cold.
   rN:        It protects you from negative energy.
   Fly:       It grants you flight.
   *Slow:     It may slow you when you take damage.
 W - the macabre finger necklace (around neck) {rN+}
   (You found it on level 6 of the Lair of Beasts)

   [amulet of nothing]

   It enables you to equip an extra ring.
   rN:        It protects you from negative energy.
Wands
 i - a wand of mindburst (7)
 j - a wand of paralysis (56)
 v - a wand of quicksilver (19)
 y - a wand of polymorph (18)
 F - a wand of digging (25)
 G - a wand of iceblast (4)
 Y - a wand of flame (58)
Scrolls
 h - 12 scrolls of teleportation
 p - a scroll of magic mapping
 r - 3 scrolls of enchant armour
 A - 3 scrolls of blinking
 C - 3 scrolls of summoning
 J - 6 scrolls of fog
 P - 4 scrolls of poison
 Q - 8 scrolls of fear
Potions
 g - 5 potions of invisibility
 k - 13 potions of brilliance
 l - 3 potions of ambrosia
 m - 10 potions of might
 n - 21 potions of curing
 q - 4 potions of cancellation
 t - 4 potions of heal wounds
 z - 5 potions of resistance
 D - 6 potions of mutation
 H - 10 potions of berserk rage
 O - 7 potions of lignification
 S - 6 potions of haste
 U - 7 potions of magic
Miscellaneous
 f - a box of beasts
 o - a phantom mirror
 w - a phial of floods
 K - a condenser vane
 X - a lightning rod (4/4)
 Z - a tin of tremorstones (2/2)


   Skills:
 + Level 22.3 Fighting
 - Level 14.0 Polearms
 + Level 11.0 Armour
 - Level 5.0 Dodging
 - Level 2.0 Stealth
 - Level 8.0 Shields
 * Level 18.2 Spellcasting
 O Level 27 Conjurations
 + Level 15.3 Summonings
 O Level 27 Air Magic
 - Level 11.0 Invocations
 - Level 4.0 Evocations


You had 8 spell levels left.
You knew the following spells:

 Your Spells              Type           Power      Damage    Failure   Level
a - Iskenderun's Battles  Conj           100%       2d15      0%          5
b - Chain Lightning       Conj/Air       74%        3d98      4%          9
c - Lightning Bolt        Conj/Air       74%        1d99      0%          5
d - Spellforged Servitor  Conj/Summ      55%        N/A       1%          7
e - Orb of Destruction    Conj           61%        9d15      1%          7
f - Conjure Ball Lightni  Conj/Air       74%        3x3d27    0%          6
A - Static Discharge      Conj/Air       100%       N/A       0%          2
C - Summon Lightning Spi  Summ/Air       100%       N/A       0%          4
D - Maxwell's Capacitive  Air            74%        ∞         1%          8

Your spell library contained the following spells:

 Spells                   Type           Power      Damage    Failure   Level
 Magic Dart               Conj           100%       1d8       0%          1
 Shock                    Conj/Air       100%       1d9       0%          1
 Summon Small Mammal      Summ           100%       N/A       0%          1
 Call Imp                 Summ           97%        N/A       0%          2
 Mephitic Cloud           Conj/Pois/Air  100%       N/A       0%          3
 Swiftness                Air            100%       N/A       0%          3
 Airstrike                Air            74%        N/A       0%          4
 Conjure Flame            Conj/Fire      92%        6-21      1%          3
 Dazzling Flash           Conj/Hex       100%       N/A       1%          3
 Stone Arrow              Conj/Erth      100%       3d13      1%          3
 Summon Guardian Golem    Hex/Summ       73%        N/A       1%          3
 Animate Armour           Summ/Erth      100%       N/A       1%          4
 Flame Wave               Conj/Fire      92%        2d16      1%          4
 Hailstorm                Conj/Ice       92%        3d18      1%          4
 Sticky Flame             Conj/Fire      92%        2d10      1%          4
 Fireball                 Conj/Fire      46%        3d18      1%          5
 Freezing Cloud           Conj/Ice/Air   63%        6-21      1%          5
 Irradiate                Conj/Tmut      46%        3d28      1%          5
 Silence                  Hex/Air        57%        N/A       1%          5
 Iron Shot                Conj/Erth      46%        9d9       1%          6
 Summon Cactus Giant      Summ           48%        N/A       1%          6
 Apportation              Tloc           64%        N/A       3%          1
 Freeze                   Ice            100%       1d11      3%          1
 Necrotize                Necr           100%       1d9       3%          1
 Sandblast                Erth           64%        2d14      3%          1
 Ensorcelled Hibernation  Hex/Ice        64%        N/A       4%          2
 Passwall                 Tmut/Erth      26%        N/A       4%          2
 Scorch                   Fire           64%        2d8       4%          2
 Sublimation of Blood     Necr           32%        N/A       4%          2
 Wereblood                Tmut           32%        N/A       4%          2
 Summon Hydra             Summ           48%        N/A       4%          7
 Frozen Ramparts          Ice            64%        1d8       10%         3
 Gell's Gravitas          Tloc           32%        N/A       10%         3
 Ignite Poison            Fire/Tmut/Pois 32%        N/A       10%         3
 Ozocubu's Armour         Ice            32%        N/A       10%         3
 Portal Projectile        Hex/Tloc       64%        N/A       10%         3
 Teleport Other           Tloc           32%        N/A       10%         3
 Tukima's Dance           Hex            32%        N/A       10%         3
 Vampiric Draining        Necr           32%        2d8       10%         3
 Storm Form               Tmut/Air       57%        N/A       11%         7
 Animate Dead             Necr           32%        N/A       32%         4
 Cause Fear               Hex            16%        N/A       32%         4
 Dispel Undead            Necr           32%        3d14      32%         4
 Ice Form                 Ice/Tmut       32%        N/A       32%         4
 Leda's Liquefaction      Hex/Erth       16%        N/A       32%         4
 Passage of Golubria      Tloc           32%        N/A       32%         4
 Petrify                  Tmut/Erth      32%        N/A       32%         4
 Summon Horrible Things   Summ           48%        N/A       36%         8
 Lehudib's Crystal Spear  Conj/Erth      46%        10d11     63%         8
 Agony                    Necr           32%        N/A       65%         5
 Alistair's Intoxication  Tmut/Pois      21%        N/A       65%         5
 Blade Hands              Tmut           16%        N/A       65%         5
 Borgnjor's Vile Clutch   Necr/Erth      16%        N/A       65%         5
 Lee's Rapid Deconstruct  Erth           16%        3d11*     65%         5
 Metabolic Englaciation   Hex/Ice        16%        N/A       65%         5
 Malign Gateway           Summ/Tloc      36%        N/A       75%         7
 Death Channel            Necr           16%        N/A       99%         6
 Dispersal                Tloc           16%        N/A       99%         6
 Eringya's Noxious Bog    Tmut/Pois      16%        N/A       99%         6
 Simulacrum               Ice/Necr       16%        N/A       99%         6
 Statue Form              Tmut/Erth      21%        N/A       99%         6
 Dragon Form              Tmut           16%        N/A       100%        7
 Borgnjor's Revivificati  Necr           16%        N/A       100%        8
 Discord                  Hex            16%        N/A       100%        8
 Disjunction              Tloc           16%        N/A       100%        8
 Necromutation            Tmut/Necr      16%        N/A       100%        8
 Dragon's Call            Summ           48%        N/A       99%         9
 Death's Door             Necr           16%        N/A       100%        9
 Fire Storm               Conj/Fire      46%        8d12      100%        9
 Shatter                  Erth           16%        3d15*     100%        9


Dungeon Overview and Level Annotations

Branches:
Dungeon (15/15)            Temple (0/1) D:5            Lair (6/6) D:10
  Swamp (4/4) Lair:2        Snake (4/4) Lair:4        Slime (5/5) Lair:5
    Orc (2/2) D:10            Elf (3/3) Orc:2        Vaults (5/5) D:13
  Crypt (0/3) Vaults:3     Depths (4/4) D:15           Hell (visited)
    Zot (0/5) Depths:4      Sewer (visited)           IceCv (visited)
 WizLab (visited)         Gauntlet (visited)
    Dis: Hell:1         Geh: Hell:1         Coc: Hell:1         Tar: Hell:1

Altars:
Dithmenos
Elyvilon
Fedhas
Kikubaaqudgha
Makhleb
Nemelex Xobeh
Okawaru
Qazlal
Ru
Vehumet
Xom
The Shining One
Jiyva
Lugonu

Shops:
D:5 :   D:6 [   D:11 :   Orc:1 *   Orc:2 [:[[   Elf:2 =   Vaults:1 [
Vaults:3 (=   Vaults:4 (   Depths:2 :   Depths:3 *(

Portals:
Hell: Depths:1 Depths:2 Depths:3 Depths:4
Abyss: Lair:6 Depths:1 Depths:3 Depths:4
Pandemonium: Depths:1 Depths:2 Depths:4
Ziggurat: Depths:4

Annotations:
D:9 dig bees
D:15 3 runed translucent doors, Gitueniwk's ghost, journeyman GrEE; Jouseb's ghost, journeyman TrBe; Pigot's ghost, journeyman MiBe
Swamp:1 2 transporters, Ikeowk's ghost, journeyman SpAM


Innate Abilities, Weirdness & Mutations

You have a beak for a mouth.
You have claws for feet.
Your magical nature lets you fly swiftly and evasively.
You possess an exceptional clarity of mind.
Your flesh is cold resistant. (rC+)
You are dopey. (Int -2)
A frigid envelope surrounds you and freezes all who hurt you.


Message History

The tormentor calls on the powers of darkness!
Your body is wracked with pain!
* * * LOW HITPOINT WARNING * * *
There is an open door here.
Casting: Chain Lightning (dangerous; 4% risk of failure)
Confirm with . or Enter, or press ? or * to list all spells.
You feel a surge of power!
You begin accumulating electric charge. (Press . to continue charging.)
You feel charge building up...
You feel charge building up...
The tormentor calls on the powers of darkness!
Your body is wracked with pain!
* * * LOW HITPOINT WARNING * * *
You feel charge building up...
The electricity discharges through the tormentor!
The tormentor vaporises in an electric haze!
You kill the tormentor!
Dithmenos accepts your kill. The reaper shouts, "Death awaits you!"
There is an open door here.
The putrid mouth throws miasma at you. The foul vapour engulfs you!
You are poisoned.
* * * LOW HITPOINT WARNING * * *
You are engulfed in dark miasma.
You are lethally poisoned!
* * * LOW HITPOINT WARNING * * *
x2 You feel extremely sick.
You feel better.
You are engulfed in dark miasma.
You are poisoned.
You feel yourself slow down.
* * * LOW HITPOINT WARNING * * *
x2 You feel very sick.
The putrid mouth throws miasma at you. The foul vapour misses you.
Okay, then.
You feel better.
You are engulfed in dark miasma.
You are lethally poisoned!
* * * LOW HITPOINT WARNING * * *
You die...

....#...#####+###.............#..
##..##..##...∩^##..^.....######..
##..##.........'.........##..##..
...[..<........##..####..##......
.(......##.....############......
##..##..#########....D...........
##..######...○○○°..22#...........
##>.##..##...○○○°°.W.#W..##D.##..
..........[..○○°@°°..#2..##..##..
###'##..##..##○###°.###..##......
##..##..##..######○°###'###2.....
.#...............#........'......
.+...............#........#......
##..##..##..##..#.........#..##..
##..##..##..##.....#####.....##..
....................###......∩...
.................#...#...#.......


You could see a bone dragon, 2 reapers and a putrid mouth.

Vanquished Creatures
  Dissolution (Slime:2)
  the Royal Jelly (Slime:5)
  3 dread liches
  Sojobo (Vaults:4)
  Margery (Vaults:2)
  Saint Roka (Vaults:3)
  Boris (twice) (Vaults:2 Vaults:5)
  Geryon (Hell)
  3 golden dragons
  Vashnia (Snake:3)
  2 bone dragons
  3 doom hounds (Hell)
  4 liches
  5 tentacled monstrosities
  Jorgrun (D:15)
  3 deep elf blademasters
  A quicksilver dragon (Vaults:5)
  2 deep elf master archers (WizLab)
  4 titans
  4 sphinxes
  Frances (D:12)
  18 acid blobs
  Agnes (Snake:2)
  7 storm dragons
  9 tengu reavers
  Gastronok (Lair:1)
  3 thorn hunters (WizLab)
  7 shadow dragons
  Roxanne (Snake:4)
  17 azure jellies
  A draconian knight (Depths:4)
  8 rockslimes
  Donald (Swamp:1)
  11 nagarajas (Snake:4)
  A fire giant (shapeshifter) (Vaults:3)
  2 fire giants
  3 orc warlords
  4 frost giants
  2 fenstrider witches (WizLab)
  An iron dragon (Depths:3)
  20 vault wardens
  A cacodemon (Depths:1)
  A draconian stormcaller (Depths:4)
  3 deep elf elementalists
  3 spectral caustic shrikes (Depths:3)
  A deep elf sorcerer (Elf:3)
  25 ironbound preservers
  2 balrugs
  Aizul (Snake:3)
  2 ironbound thunderhulks
  A ghoul (Vaults:3)
  16 very ugly things
  14 stone giants
  4 war gargoyles
  16 quicksilver oozes
  5 reapers (Hell)
  An entropy weaver (Vaults:4)
  4 vampire knights
  4 deep elf demonologists
  A spark wasp (Depths:1)
  6 eleionomae
  7 deep elf annihilators
  A yellow draconian (Depths:4)
  7 dire elephants
  A lorocyproca (Hell)
  2 purple draconians (Depths:4)
  A white draconian (Depths:4)
  4 crystal guardians
  A minotaur (Gauntlet)
  5 deep elf death magi
  8 ettins
  7 fire dragons
  A green death (Depths:2)
  16 yaktaur captains
  A merfolk javelineer (Depths:3)
  An ettin (shapeshifter) (Depths:2)
  3 jiangshi
  4 deep elf high priests
  A shambling mangrove (Swamp:1)
  6 great orbs of eyes
  2 spriggan air magi
  A boulder beetle (D:12)
  8 ice dragons
  2 peacekeepers
  8 hydras
  2 salamander tyrants
  7 ghost crabs
  9 ironbound frosthearts
  32 vault guards
  14 naga warriors
  Erica (Orc:1)
  3 two-headed ogres
  3 death knights
  2 death yaks
  3 anacondas
  9 centaur warriors
  6 alligators
  4 deep troll shamans
  4 ogre magi (Vaults:5)
  14 dancing weapons
  7 satyrs (WizLab)
  2 tengu warriors
  A hell hog (Hell)
  5 spriggan berserkers
  3 orc high priests
  23 naga sharpshooters
  A nameless horror (Elf:2)
  A vampire mage (Depths:3)
  2 deep troll earth magi
  5 shock serpents
  4 thrashing horrors (Lair:6)
  Urug (D:12)
  9 hell knights
  4 soul eaters
  A shock serpent (shapeshifter) (D:10)
  17 deep elf knights
  3 sun demons
  An iron troll (Depths:2)
  3 salamander mystics
  2 sixfirhies (Depths:1)
  A deep troll (shapeshifter) (Depths:3)
  60 deep trolls
  3 skeletal warriors
  A spark wasp zombie (Depths:1)
  3 goliath frogs
  5 spriggan druids
  2 glowing orange brains
  22 ironbound convokers
  19 deep elf archers
  A glowing orange brain (shapeshifter) (Vaults:5)
  The ghost of Nafacem the Marksspriggan, a novice SpHu of Hepliaklqana (Orc:1)
  A flayed ghost (Depths:4)
  A naga ritualist (Snake:1)
  2 swamp dragons
  5 spectral hydras (Swamp:4)
  7 bog bodies
  5 phantasmal warriors
  10 necromancers
  9 orc knights
  24 deep elf zephyrmancers
  2 lindwurms
  A frost giant zombie (Vaults:2)
  10 wizards
  30 deep elf pyromancers
  6 will-o-the-wisps
  7 mana vipers
  6 shining eyes
  6 orc sorcerers
  3 cyclopes
  A faun (shapeshifter) (Vaults:5)
  11 guardian serpents
  14 salamanders
  31 ugly things
  3 oklob plants (WizLab)
  3 manticores
  3 fauns (WizLab)
  7 elephants
  18 naga magi
  2 ice statues
  4 cane toads
  An orange demon (Depths:2)
  40 black mambas
  22 vault sentinels
  10 rust devils
  3 smoke demons
  A gargoyle (D:14)
  An eye of devastation (shapeshifter) (Elf:1)
  35 yaktaurs
  An unseen horror (D:10)
  A swamp worm zombie (Swamp:4)
  3 freezing wraiths
  An anaconda simulacrum (Hell)
  2 entropy weaver simulacra (IceCv)
  4 kobold demonologists
  A tormentor (Depths:1)
  2 komodo dragons
  3 ancient zymes (Lair:6)
  A wind drake (shapeshifter) (Elf:2)
  A hellwing (Depths:2)
  6 trolls
  A polar bear (Lair:4)
  2 red devils (Depths:4)
  5 bloated husks
  4 hydra zombies (Swamp:4)
  8 tyrant leeches
  A tarantella (shapeshifter) (D:15)
  20 blink frogs
  13 hornets
  107 slime creatures
  A spectral swamp dragon (Swamp:4)
  A shadow dragon simulacrum (Depths:1)
  3 dream sheep (Lair:2)
  A snapping turtle (shapeshifter) (Vaults:5)
  3 alligator zombies (Swamp:4)
  2 jumping spiders (shapeshifter)
  An air elemental (Elf:2)
  5 wraiths
  3 ynoxinuls
  2 shadows
  A centaur simulacrum (Gauntlet)
  14 spriggans
  25 yaks
  7 water elementals
  4 wyverns
  5 fire elementals (Elf:1)
  A human (shapeshifter) (D:14)
  A basilisk (shapeshifter) (Elf:2)
  4 basilisks
  A neqoxec (Depths:2)
  A hog (shapeshifter) (Elf:2)
  3 golden eyes (Slime:3)
  A steam dragon (D:7)
  12 vampire mosquitoes
  A redback simulacrum (Gauntlet)
  12 swamp worms
  49 nagas
  A large abomination (Lair:6)
  6 wargs
  An acid dragon (D:8)
  A harpy simulacrum (Gauntlet)
  12 water moccasins
  A floating eye (Slime:5)
  3 demonic crawler simulacra (IceCv)
  A meliai simulacrum (D:15)
  A two-headed ogre skeleton (Hell)
  17 orc warriors
  A swamp drake (Swamp:2)
  3 black bears
  An ice beast (D:6)
  3 swamp dragon zombies (Swamp:4)
  2 sky beasts
  6 centaurs
  9 ogres
  4 boggarts (D:14)
  6 wolves
  5 phantoms (Swamp:4)
  7 kobold brigands
  14 bullfrogs
  6 earth elementals
  3 scorpions
  2 small abominations (Lair:6)
  13 wights
  8 killer bees (D:10)
  6 howler monkeys
  4 hounds
  A jelly (D:6)
  3 gnoll shamans
  7 orc priests
  2 iron imps (Gauntlet)
  3 iguanas
  12 hell rats
  16 orc wizards
  A spectral swamp drake (Swamp:4)
  Terence (D:2)
  2 polar bear simulacra (Lair:5)
  Robin (D:3)
  11 gnolls
  A swamp drake zombie (Swamp:4)
  7 adders
  2 river rats
  6 white imps
  2 worms
  A dart slug (D:4)
  57 orcs
  8 ball pythons
  5 bats
  6 endoplasms
  4 giant cockroaches
  16 goblins
  10 hobgoblins
  4 jackals
  2 quokkas
  2 frilled lizards
  19 kobolds
  7 rats
1760 creatures vanquished.

Vanquished Creatures (collateral kills)
  Mara (Elf:3)
  A lich (Depths:4)
  An acid blob (Slime:5)
  3 deep elf master archers
  A tengu reaver (Vaults:5)
  2 nagarajas
  A fenstrider witch (WizLab)
  A rockslime (Slime:4)
  An orc warlord (Orc:1)
  2 vault wardens
  3 deep elf sorcerers
  A balrug (Depths:1)
  A spectral caustic shrike (Depths:3)
  A quicksilver ooze (IceCv)
  7 ironbound preservers
  2 stone giants
  11 very ugly things
  3 dire elephants (Vaults:1)
  2 deep elf annihilators (Elf:3)
  A deep elf death mage (Elf:3)
  A merfolk impaler (Depths:3)
  Snorg (Lair:3)
  An ettin (Orc:2)
  A shambling mangrove (WizLab)
  2 great orbs of eyes
  2 ice dragons
  A fire dragon (Depths:3)
  3 hydras
  5 vault guards
  2 boulder beetles
  2 centaur warriors
  4 naga warriors
  2 ironbound frosthearts
  2 tengu warriors (Depths:3)
  3 deep troll shamans
  An orc high priest (Orc:2)
  An alligator (Swamp:1)
  A deep troll earth mage (Depths:4)
  4 death yaks (Lair:5)
  12 dancing weapons (Elf:2)
  2 spriggan berserkers (Depths:2)
  A soul eater (Depths:4)
  A naga sharpshooter (Snake:2)
  7 deep elf knights
  A spriggan (Swamp:3)
  A sun demon (Depths:4)
  A salamander mystic (Snake:4)
  2 iron trolls (Depths:3)
  A goliath frog (Swamp:2)
  42 deep trolls
  A swamp dragon (Swamp:3)
  A glowing orange brain (Vaults:1)
  2 necromancers
  5 deep elf archers
  2 lindwurms (Vaults:2)
  8 deep elf zephyrmancers
  3 ironbound convokers
  2 wizards
  11 deep elf pyromancers
  A phantasmal warrior (D:14)
  5 orc knights
  3 mana vipers
  A human zombie (Vaults:2)
  5 salamanders
  2 manticores
  16 ugly things
  3 orc sorcerers
  4 elephants
  3 naga magi
  2 black mambas
  An ice statue (IceCv)
  4 smoke demons
  3 guardian serpents
  13 cane toads
  7 vault sentinels
  6 komodo dragons
  A rime drake (Lair:3)
  A spriggan zombie (Depths:1)
  17 yaktaurs
  A freezing wraith (D:14)
  A kobold demonologist (D:10)
  An entropy weaver simulacrum (IceCv)
  A swamp worm zombie (Swamp:4)
  4 tengu conjurers
  3 trolls
  A tyrant leech (Swamp:1)
  A wolf spider simulacrum (D:15)
  2 hornets
  A hornet (shapeshifter) (D:13)
  19 blink frogs
  24 slime creatures
  An alligator zombie (Swamp:4)
  A fire giant simulacrum (Depths:1)
  12 dream sheep
  A centaur simulacrum (Gauntlet)
  An air elemental (Elf:3)
  2 wyverns
  5 basilisks
  23 yaks
  A chaos spawn (Lair:6)
  The ghost of Bediveer the Trooper, an amateur DsFi (D:3)
  A human simulacrum (Vaults:2)
  4 vampire mosquitoes
  2 wargs (Orc:2)
  10 nagas
  A demonic crawler simulacrum (IceCv)
  A swamp worm (Swamp:4)
  7 water moccasins
  2 black bears
  11 orc warriors
  2 ugly thing simulacra (IceCv)
  2 ogres
  5 wolves
  A phantom (Swamp:4)
  6 bullfrogs
  9 small abominations (Lair:6)
  2 glowing shapeshifter simulacra (IceCv)
  A hornet simulacrum (D:13)
  A howler monkey (D:14)
  2 jellies (Lair:5)
  4 orc priests (Orc:2)
  9 orc wizards
  4 hell rats
  A yak simulacrum (Lair:5)
  2 polar bear simulacra (Lair:5)
  3 wolf simulacra (Lair:5)
  2 adders (D:3)
  8 river rats (Lair:2)
  9 white imps (Lair:4)
  10 orcs
  2 endoplasms (Lair:5)
  A kobold (D:10)
  A rat (Lair:2)
  3 river rat simulacra (Lair:5)
525 creatures vanquished.

Vanquished Creatures (others)
  An ironbound preserver (Vaults:4)
  An ironbound thunderhulk (Vaults:3)
  A deep elf demonologist (Elf:3)
  A deep elf annihilator (Elf:3)
  A yaktaur captain (Vaults:1)
  A peacekeeper (Vaults:4)
  2 deep elf knights (Elf:3)
  A goliath frog (Swamp:3)
  A deep elf archer (Elf:2)
  3 deep elf pyromancers (Elf:2)
  2 deep elf zephyrmancers
  An entropy weaver simulacrum (IceCv)
  A water elemental (Elf:1)
  A demonic crawler simulacrum (IceCv)
  An ugly thing simulacrum (IceCv)
  A wolf (Gauntlet)
  3 ball lightnings (Slime:5)
  A bush (WizLab)
  36 foxfires
  53 fungi
  135 plants
248 creatures vanquished.

Grand Total: 2533 creatures vanquished

Notes
Turn   | Place    | Note
-------+----------+-------------------------------------------
     0 | D:1      | zishaf the Tengu Air Elementalist began the quest for the
                  | Orb.
     0 | D:1      | Reached XP level 1. HP: 10/10 MP: 4/4
   367 | D:1      | Reached XP level 2. HP: 16/16 MP: 1/6
   709 | D:1      | Reached skill level 1 in Fighting
  1105 | D:2      | Reached XP level 3. HP: 20/20 MP: 4/7
  1140 | D:2      | Learned a level 2 spell: Static Discharge
  1280 | D:2      | Found a shadowy altar of Dithmenos.
  1289 | D:2      | Became a worshipper of Dithmenos the Shadowed
  1449 | D:2      | Noticed Terence
  1463 | D:2      | Killed Terence
  1464 | D:2      | Reached XP level 4. HP: 21/26 MP: 3/8
  1578 | D:2      | Found a faded altar of an unknown god.
  1956 | D:2      | Reached skill level 5 in Air Magic
  2304 | D:3      | Reached * piety under Dithmenos
  2493 | D:3      | Found a runed translucent door.
  2498 | D:3      | Noticed Bediveer's ghost (amateur DsFi)
  2501 | D:3      | Noticed Robin
  2812 | D:3      | Killed Robin
  3099 | D:3      | Gained mutation: Your magical nature lets you fly swiftly
                  | and evasively. [Tengu growth]
  3099 | D:3      | Reached XP level 5. HP: 31/31 MP: 4/9
  3478 | D:4      | Reached skill level 1 in Evocations
  3634 | D:4      | Reached XP level 6. HP: 25/36 MP: 2/10
  4268 | D:4      | Learned a level 4 spell: Airstrike
  4827 | D:5      | Entered Level 5 of the Dungeon
  4845 | D:5      | Found a glowing drain.
  4858 | Sewer    | Entered a sewer
  4965 | Sewer    | Reached XP level 7. HP: 36/41 MP: 1/11
  5026 | Sewer    | Reached skill level 5 in Conjurations
  5191 | Sewer    | Found a white marble altar of Elyvilon.
  5311 | D:5      | Identified the +6 short sword of Soqac {vorpal, *Corrode
                  | Will+ Str+4}
  5534 | D:5      | Reached XP level 8. HP: 17/48 MP: 0/12
  6094 | D:5      | Found a staircase to the Ecumenical Temple.
  6388 | D:5      | Found Ceogum's Book Shoppe.
  6907 | D:6      | Learned a level 3 spell: Swiftness
  6935 | D:6      | Reached ** piety under Dithmenos
  7176 | D:6      | Reached skill level 5 in Fighting
  7328 | D:6      | Found Ruweloll's Antique Armour Boutique.
  7510 | D:6      | Reached XP level 9. HP: 54/54 MP: 8/13
  7585 | D:6      | Reached skill level 10 in Air Magic
  9804 | D:7      | Reached XP level 10. HP: 52/61 MP: 4/14
 10360 | D:8      | Noticed a two-headed ogre
 10510 | D:8      | Noticed a death knight
 10729 | D:8      | Identified the +7 dagger of Enormous Tortfeasance {protect,
                  | rPois Int+2}
 10755 | D:8      | Identified a scroll of acquirement
 10756 | D:8      | Acquired a book of the Sky
 11195 | D:8      | Killed a death knight
 11383 | D:8      | Noticed a skeletal warrior
 11398 | D:8      | Killed a skeletal warrior
 11761 | D:8      | Learned a level 4 spell: Summon Lightning Spire
 12055 | D:8      | Found a blossoming altar of Fedhas.
 12075 | D:8      | Reached skill level 1 in Summonings
 12123 | D:8      | Killed a two-headed ogre
 12594 | D:9      | Noticed a cyclops
 12601 | D:9      | Killed a cyclops
 12601 | D:9      | Reached *** piety under Dithmenos
 12911 | D:9      | Reached XP level 11. HP: 59/68 MP: 13/18
 13903 | D:9      | Found a shimmering altar of Xom.
 13906 | D:9      | Found a sparkling altar of Nemelex Xobeh.
 13909 | D:9      | Found a white marble altar of Elyvilon.
 13910 | D:9      | Found a sacrificial altar of Ru.
 13910 | D:9      | Found a stormy altar of Qazlal.
 13912 | D:9      | Found a burning altar of Makhleb.
 13914 | D:9      | Found an iron altar of Okawaru.
 13915 | D:9      | Found a glowing golden altar of the Shining One.
 14090 | D:10     | Entered Level 10 of the Dungeon
 14227 | D:10     | Found a staircase to the Orcish Mines.
 14235 | D:10     | Reached skill level 5 in Spellcasting
 14255 | D:10     | HP: 2/69 [centaur/arrow (8)]
 14782 | D:10     | Found a staircase to the Lair.
 14865 | D:10     | Reached skill level 5 in Summonings
 15187 | D:10     | Learned a level 5 spell: Lightning Bolt
 15488 | D:10     | Reached **** piety under Dithmenos
 15647 | D:10     | You are sucked into a shaft and drop 1 floor!
 15761 | D:11     | Identified the +7 flail of Kismet {vorpal, rF++ Int+3}
 15895 | D:11     | Noticed a boulder beetle
 15991 | D:11     | Noticed a cyclops
 15997 | D:11     | Killed a cyclops
 16074 | D:11     | Found a sparkling altar of Nemelex Xobeh.
 16097 | D:10     | Reached skill level 15 in Air Magic
 16196 | D:10     | Noticed a centaur warrior
 16209 | D:10     | Killed a centaur warrior
 16213 | D:10     | Noticed a centaur warrior
 16482 | D:10     | Noticed a shock serpent
 16502 | D:10     | Killed a shock serpent
 16663 | D:10     | Found a runed translucent door.
 16663 | D:10     | Noticed a four-headed hydra
 16664 | D:10     | Noticed an orc high priest
 16677 | D:10     | Killed a four-headed hydra
 16678 | D:10     | Reached XP level 12. HP: 12/77 MP: 11/21
 16974 | D:10     | Upgraded the game from 0.29-a0-676-ga64570c9d2 to
                  | 0.29-a0-721-g7f417c9bbb
 17261 | D:10     | Noticed a stone giant
 17261 | D:10     | Noticed a yaktaur captain
 17267 | D:10     | Killed a yaktaur captain
 17268 | D:10     | Killed a stone giant
 17268 | D:10     | Identified the +6 falchion "Goidis" {vorpal, Int+2 Stlth+}
 17268 | D:10     | Noticed a centaur warrior
 17269 | D:10     | Reached skill level 10 in Fighting
 17273 | D:10     | Killed a centaur warrior
 17276 | D:10     | Killed an orc high priest
 17528 | D:10     | Killed a centaur warrior
 17682 | D:3      | Killed Bediveer's ghost
 18390 | D:11     | Found Ussiek's Book Boutique.
 18415 | D:12     | Noticed a centaur warrior
 18686 | D:11     | Killed a boulder beetle
 18905 | D:12     | Noticed a boulder beetle
 18916 | D:12     | Noticed Urug
 18923 | D:12     | Killed Urug
 18926 | D:12     | Noticed Frances
 19222 | D:12     | Killed a boulder beetle
 19644 | D:12     | Killed a centaur warrior
 19645 | D:12     | Reached XP level 13. HP: 64/84 MP: 20/25
 19968 | D:12     | Killed Frances
 20274 | Lair:1   | Entered Level 1 of the Lair of Beasts
 20429 | Lair:1   | Noticed Gastronok
 20447 | Lair:1   | Killed Gastronok
 20571 | Lair:1   | Reached ***** piety under Dithmenos
 21914 | Lair:2   | Found a staircase to the Swamp.
 22362 | Lair:2   | Learned a level 8 spell: Maxwell's Capacitive Coupling
 23506 | Lair:3   | Noticed Snorg
 23541 | Lair:3   | Killed Snorg
 23542 | Lair:3   | Reached XP level 14. HP: 70/94 MP: 21/27
 24350 | Lair:4   | Reached ****** piety under Dithmenos
 24434 | Lair:4   | Found a frozen archway.
 24650 | IceCv    | Entered an ice cave
 25347 | IceCv    | Noticed a quicksilver ooze
 25351 | IceCv    | Killed a quicksilver ooze
 25377 | IceCv    | Noticed an azure jelly
 25382 | IceCv    | Killed an azure jelly
 25872 | IceCv    | Found a viscous altar of Jiyva.
 25885 | IceCv    | Got the ring of the Salamander {rC+ Int+4}
 25888 | IceCv    | Got the ring of Equilibrium {Ice rN+ Will- Str-5 Dex+6
                  | Stlth+}
 26029 | IceCv    | Reached skill level 1 in Invocations
 26138 | IceCv    | Got the ring "Foijakli" {*Slow Fly rF+ rC+ rN+}
 26714 | Lair:4   | Found a staircase to the Snake Pit.
 27155 | Lair:5   | Found a staircase to the Slime Pits.
 27166 | Lair:5   | Found a viscous altar of Jiyva.
 27615 | Lair:5   | Reached skill level 1 in Polearms
 28627 | Lair:5   | Acquired 758 gold pieces
 28928 | Lair:6   | Entered Level 6 of the Lair of Beasts
 29358 | Lair:5   | Reached XP level 15. HP: 55/101 MP: 28/28
 30967 | Lair:6   | Reached skill level 15 in Fighting
 31842 | Lair:6   | Acquired a staff of air
 32145 | Lair:6   | Reached skill level 5 in Invocations
 32442 | Lair:6   | Found a corrupted altar of Lugonu.
 32442 | Lair:6   | Found a one-way gate to the infinite horrors of the Abyss.
 32442 | Lair:6   | Found the macabre finger necklace {rN+}
 32787 | Orc:1    | Entered Level 1 of the Orcish Mines
 32799 | Orc:1    | You are sucked into a shaft and drop 1 floor!
 32799 | Orc:2    | Entered Level 2 of the Orcish Mines
 32907 | Orc:1    | Found Qiharph's General Store.
 33052 | Orc:1    | Noticed Erica
 33060 | Orc:1    | Killed Erica
 33115 | Orc:1    | Found a runed translucent door.
 33117 | Orc:1    | Noticed Nafacem's ghost (novice SpHu)
 33129 | Orc:1    | Killed Nafacem's ghost
 34220 | Orc:2    | Reached skill level 1 in Armour
 34245 | Orc:2    | Noticed an orc warlord
 34275 | Orc:1    | Killed an orc warlord
 34673 | Orc:2    | Paralysed by an orc sorcerer for 5 turns
 35697 | Orc:2    | Found a staircase to the Elven Halls.
 36314 | Orc:2    | Found Suenomm's Antique Armour Boutique.
 36319 | Orc:2    | Found Fiaweush's Armour Shoppe.
 36326 | Orc:2    | Found Natreamo's Antique Armour Shoppe.
 36328 | Orc:2    | Found Gereag's Book Boutique.
 36686 | Orc:2    | Bought a faintly humming ring mail for 225 gold pieces
 36686 | Orc:2    | Identified the +2 ring mail "Asoroenk" {SInv} (You bought
                  | it in a shop on level 2 of the Orcish Mines)
 36697 | Orc:2    | Bought an embroidered hat for 182 gold pieces
 36795 | D:11     | Bought a manual of Polearms for 1360 gold pieces
 36968 | D:6      | Bought a glowing leather armour for 140 gold pieces
 37181 | D:13     | Reached skill level 10 in Spellcasting
 37181 | D:13     | Reached XP level 16. HP: 92/108 MP: 22/31
 37671 | D:13     | Found a gate to the Vaults.
 39649 | D:14     | HP: 3/108 [poisoned by a green ugly thing]
 40180 | D:11     | Bought a book of Annihilations for 1020 gold pieces
 40869 | D:15     | Entered Level 15 of the Dungeon
 40893 | D:15     | Found a gate leading to a gauntlet.
 40902 | Gauntlet | Entered a Gauntlet
 40902 | Gauntlet | Found a transporter.
 40902 | Gauntlet | Found a transporter.
 40904 | Gauntlet | Found a transporter.
 40904 | Gauntlet | Found a transporter.
 40907 | Gauntlet | Found a transporter.
 40948 | Gauntlet | Found a transporter.
 40949 | Gauntlet | Found a transporter.
 40949 | Gauntlet | Found a transporter.
 40953 | Gauntlet | Found a runed translucent door.
 40961 | Gauntlet | Found a transporter.
 40977 | Gauntlet | Found a transporter.
 40979 | Gauntlet | Found a runed translucent door.
 40989 | Gauntlet | Found a transporter.
 41003 | Gauntlet | Found a transporter.
 41024 | Gauntlet | Found a transporter.
 41038 | Gauntlet | Found a transporter.
 41093 | Gauntlet | Reached skill level 5 in Polearms
 41224 | Gauntlet | Reached skill level 5 in Dodging
 41224 | Gauntlet | Reached skill level 1 in Shields
 41251 | Gauntlet | Got Sif Muna's Compendium of Shifting Calling
 41389 | Gauntlet | Identified the +3 troll leather armour of Liberty {Regen+
                  | rCorr Int+5 Dex-2 Slay-2}
 41815 | D:15     | Found a staircase to the Depths.
 41912 | D:15     | Noticed Jorgrun
 41917 | D:15     | Killed Jorgrun
 42884 | D:15     | Found a runed translucent gate.
 42884 | D:15     | Found a runed translucent gate.
 42884 | D:15     | Found a runed translucent gate.
 42887 | D:15     | Found an ancient bone altar of Kikubaaqudgha.
 42887 | D:15     | Noticed a lich
 42887 | D:15     | Noticed a lich
 42888 | D:15     | Noticed Jouseb's ghost (journeyman TrBe)
 42888 | D:15     | Noticed Gitueniwk's ghost (journeyman GrEE)
 42889 | D:15     | Noticed Pigot's ghost (journeyman MiBe)
 43233 | Swamp:1  | Entered Level 1 of the Swamp
 43233 | Swamp:1  | Found a transporter.
 43233 | Swamp:1  | Found a transporter.
 43239 | Swamp:1  | Reached skill level 10 in Conjurations
 43275 | Swamp:1  | Noticed a Hell Sentinel
 43294 | Swamp:1  | Noticed Ikeowk's ghost (journeyman SpAM)
 44210 | Swamp:1  | Noticed Donald
 44214 | Swamp:1  | Killed Donald
 44303 | Swamp:1  | Found the +4 dagger "Morg" {pain, Will+ Int+5}
 44445 | Swamp:1  | Identified the +3 war axe of Qiusyv {freeze, rPois rF+ MP+9
                  | Int-5}
 44798 | Swamp:2  | Reached XP level 17. HP: 115/115 MP: 10/32
 45101 | Swamp:1  | Learned a level 7 spell: Spellforged Servitor
 47756 | Snake:1  | Entered Level 1 of the Snake Pit
 48410 | Snake:1  | Reached skill level 5 in Shields
 49843 | Snake:2  | Noticed Agnes
 49847 | Snake:2  | Killed Agnes
 49987 | Snake:2  | Reached skill level 10 in Polearms
 51406 | Snake:2  | Reached XP level 18. HP: 122/122 MP: 23/34
 51747 | Snake:3  | Noticed Aizul
 51756 | Snake:3  | Killed Aizul
 54025 | Snake:3  | Noticed Vashnia
 54053 | Snake:3  | Killed Vashnia
 54753 | Swamp:4  | Entered Level 4 of the Swamp
 55853 | Swamp:4  | Noticed a bone dragon
 55857 | Swamp:4  | Killed a bone dragon
 56068 | Swamp:3  | Learned a level 9 spell: Chain Lightning
 57482 | Swamp:4  | Got a decaying rune of Zot
 57803 | Snake:4  | Entered Level 4 of the Snake Pit
 58780 | Snake:4  | Reached XP level 19. HP: 126/128 MP: 7/36
 59671 | Snake:4  | Identified Roxanne's Papyrus of Stones
 59671 | Snake:4  | Noticed Roxanne
 59675 | Snake:4  | Killed Roxanne
 60835 | Snake:4  | HP: 4/128 [constriction (4)]
 61542 | Snake:4  | Got a serpentine rune of Zot
 62235 | Elf:1    | Entered Level 1 of the Elven Halls
 63360 | Elf:1    | Identified the +9 mace of Beloved Tortfeasance {flame,
                  | rElec Dex+5}
 63390 | Elf:1    | Found a radiant altar of Vehumet.
 63839 | Elf:1    | Found the +13 scythe of Curses {drain, Drain}
 63884 | Elf:1    | Reached skill level 15 in Conjurations
 64978 | Elf:2    | Reached XP level 20. HP: 90/126 MP: 15/37
 65223 | Elf:1    | Found a radiant altar of Vehumet.
 66337 | Elf:1    | Upgraded the game from 0.29-a0-721-g7f417c9bbb to
                  | 0.29-a0-723-gce39da1c22
 66664 | Depths:1 | Entered Level 1 of the Depths
 66952 | Depths:1 | Found a one-way gate leading to the halls of Pandemonium.
 67177 | Depths:1 | Found a corrupted altar of Lugonu.
 68455 | Depths:1 | Found a gateway to Hell.
 68728 | Depths:2 | Reached skill level 5 in Armour
 70631 | Depths:2 | Found Umneacip's Book Emporium.
 71596 | Depths:3 | Found Qioq's General Store.
 71600 | Depths:3 | Found Keeddu's Antique Weapon Shoppe.
 71630 | Depths:3 | Reached XP level 21. HP: 143/143 MP: 28/38
 72864 | Depths:3 | Noticed a golden dragon
 72869 | Depths:3 | Killed a golden dragon
 73017 | Depths:3 | Noticed a golden dragon
 73024 | Depths:3 | Killed a golden dragon
 73181 | Depths:3 | Noticed a dread lich
 73183 | Depths:3 | Paralysed by a dread lich for 2 turns
 73188 | Depths:3 | Killed a dread lich
 73295 | Depths:3 | Identified the +7 dagger "Laom" {flame, MP+9 Str+4 Dex-5}
 73476 | Depths:4 | Entered Level 4 of the Depths
 74122 | Depths:4 | Noticed a bone dragon
 74143 | Depths:4 | Killed a bone dragon
 74154 | Depths:4 | Reached skill level 10 in Summonings
 74665 | Depths:4 | Found a gate to the Realm of Zot.
 74675 | Depths:4 | Reached skill level 10 in Invocations
 74982 | Depths:4 | Found a gateway to a bazaar.
 74992 | Depths:4 | Found a one-way gateway to a ziggurat.
 75045 | Bazaar   | Entered a bazaar
 75049 | Bazaar   | Found Zesip's Jewellery Boutique.
 75067 | Bazaar   | Found Xigoc's Antique Weapon Emporium.
 75088 | Bazaar   | Found Cigemero's Antique Weapon Boutique.
 75108 | Bazaar   | Found Tukuacro's Antique Armour Shoppe.
 75136 | Bazaar   | Bought an encrusted leather armour for 77 gold pieces
 75136 | Bazaar   | Identified the +1 leather armour "Ruppafyt" {rPois rN+
                  | Int+2} (You bought it in a shop in a bazaar)
 75152 | Bazaar   | Bought the ring of Paet Nob {rF+ MP+9} for 272 gold pieces
 75723 | Depths:4 | Found a corrupted altar of Lugonu.
 76329 | Elf:2    | Gained mutation: You possess an exceptional clarity of
                  | mind. [potion of mutation]
 76329 | Elf:2    | Gained mutation: Your flesh is cold resistant. (rC+)
                  | [potion of mutation]
 76329 | Elf:2    | Gained mutation: A frigid envelope surrounds you and
                  | freezes all who hurt you. [potion of mutation]
 76378 | Elf:2    | Found Moliph's Jewellery Shoppe.
 76457 | Elf:2    | Paralysed by an air elemental for 1 turns
 76829 | Elf:2    | Found a runed translucent gate.
 76829 | Elf:2    | Found a runed translucent gate.
 76829 | Elf:2    | Found a runed translucent gate.
 77067 | Elf:2    | Reached XP level 22. HP: 132/150 MP: 26/39
 77206 | Elf:2    | Learned a level 7 spell: Orb of Destruction
 77880 | Elf:3    | Entered Level 3 of the Elven Halls
 77882 | Elf:3    | Paralysed by an air elemental for 1 turns
 77886 | Elf:3    | Noticed Mara
 77947 | Elf:3    | Killed Mara
 79087 | Elf:3    | Identified the ring of Meelanes {rC+ Str+6 Dex+7}
 79254 | Elf:3    | Identified the +9 falchion of Drought {speed, rElec}
 79464 | Elf:3    | Identified the ring "Giory" {rF+ rCorr Int+4}
 79470 | Elf:3    | Identified the +7 chain mail of the Ladybird {rC+}
 79470 | Elf:3    | Identified the ring "Fem Diorgh" {rPois rF- rC+ Str+3
                  | Int+3}
 79475 | Elf:3    | Identified the +6 short sword "Pebef" {vorpal, rN+ MP+9}
 79666 | Elf:3    | Identified the +9 mace of Heng {vorpal, rF+ rN++ Int+4
                  | Dex-4}
 80538 | Vaults:1 | Entered Level 1 of the Vaults
 81138 | Vaults:1 | Reached XP level 23. HP: 156/156 MP: 5/40
 82210 | Vaults:1 | Found Pouxik's Armour Shop.
 82239 | Vaults:1 | You are sucked into a shaft and drop 1 floor!
 82249 | Vaults:2 | Noticed Boris
 82264 | Vaults:2 | Killed Boris
 83137 | Vaults:1 | Found a radiant altar of Vehumet.
 83253 | Vaults:1 | Identified the +0 robe of Agnosticism {rF- Regen+ Str+7
                  | SInv}
 83269 | Vaults:1 | Identified the +0 hat of the Blessed Realm {rC+}
 83488 | Vaults:2 | Reached skill level 27 in Air Magic
 83777 | Vaults:2 | Noticed Margery
 84049 | Vaults:2 | Found Veqeozuh's Assorted Antiques.
 84517 | Depths:2 | Learned a level 5 spell: Iskenderun's Battlesphere
 84745 | Vaults:2 | Killed Margery
 85637 | Vaults:3 | Found Guidoo's Jewellery Boutique.
 86115 | Vaults:3 | Found a staircase to the Crypt.
 86140 | Vaults:3 | Found Kacs's Weapon Boutique.
 86345 | Vaults:3 | Identified the +2 robe "Ramuilod" {Rampage rF++ rN+ SInv}
 86385 | Vaults:3 | Reached XP level 24. HP: 139/164 MP: 0/42
 86702 | Vaults:3 | Noticed Saint Roka
 86711 | Vaults:3 | Killed Saint Roka
 87262 | Vaults:3 | Found a gateway to a bazaar.
 88092 | Bazaar   | Entered a bazaar
 88092 | Bazaar   | Found Julob's Armour Shoppe.
 88092 | Bazaar   | Found Ybreicvurya's General Store.
 88094 | Bazaar   | Found Atrakirgh's Antique Armour Shoppe.
 88110 | Bazaar   | Found Tenamo Tonin's Book Emporium.
 88114 | Bazaar   | Bought a potion of heal wounds for 85 gold pieces
 88132 | Bazaar   | Bought a brightly glowing leather armour for 105 gold
                  | pieces
 88132 | Bazaar   | Identified the +0 leather armour of Trumpets {rF+} (You
                  | bought it in a shop in a bazaar)
 88132 | Bazaar   | Bought a faintly humming leather armour for 105 gold pieces
 88132 | Bazaar   | Identified the +1 leather armour of the Mashing Gods {rF+
                  | rC+ Will+ Int-4} (You bought it in a shop in a bazaar)
 88132 | Bazaar   | Bought a pair of embroidered gloves for 112 gold pieces
 88277 | Vaults:4 | Reached skill level 15 in Spellcasting
 88307 | Vaults:4 | HP: 3/166 [vault warden/bolt (39)]
 88376 | Vaults:4 | Found a magical portal.
 88486 | WizLab   | Entered Eringya's Formal Garden
 89415 | WizLab   | Found a blossoming altar of Fedhas.
 89687 | Vaults:4 | Learned a level 6 spell: Conjure Ball Lightning
 90352 | Vaults:4 | Upgraded the game from 0.29-a0-723-gce39da1c22 to
                  | 0.29-a0-732-g3d7fbe0af2
 90548 | Vaults:4 | Reached XP level 25. HP: 171/171 MP: 33/43
 90812 | Vaults:4 | Found Jere's Antique Weapon Boutique.
 90820 | Vaults:4 | Bought a polished trident for 238 gold pieces
 90820 | Vaults:4 | Identified the +2 trident of Exchange {vamp, Dex+3} (You
                  | bought it in a shop on level 4 of the Vaults)
 90868 | Vaults:5 | Entered Level 5 of the Vaults
 90902 | Vaults:5 | Noticed Sojobo
 90911 | Vaults:4 | Killed Sojobo
 91149 | Vaults:5 | Identified the +6 plate armour "Ykedohaw" {Harm}
 91150 | Vaults:5 | Noticed Boris
 91153 | Vaults:5 | Noticed a dread lich
 91269 | Vaults:4 | Killed a dread lich
 91324 | Vaults:5 | Killed Boris
 91491 | Vaults:5 | Identified the +11 spear "Nurph" {antimagic, Int+3 Dex+2}
 91505 | Vaults:5 | Noticed a dread lich
 91829 | Vaults:5 | Killed a dread lich
 91890 | Vaults:5 | Identified the +3 scale mail of Oblivion {rPois rC+}
 91890 | Vaults:5 | Identified the ring of Lieriux {rN+ Str+6}
 92554 | Vaults:5 | Identified the +7 hand axe of Mandamus {venom, rElec rCorr
                  | Str-3 Int+7}
 92574 | Vaults:5 | Identified the ring "Wiaxun" {rF- MP+9 Str+3 Int+4}
 92807 | Vaults:5 | Reached XP level 26. HP: 153/179 MP: 42/45
 92824 | Vaults:5 | Identified the +5 scale mail "Qeavax" {rF+}
 92859 | Vaults:5 | Identified the +7 bardiche "Ulu Jauj" {pain, rElec rF+
                  | Int+4 Stlth+}
 92920 | Vaults:5 | Got a silver rune of Zot
 93028 | Vaults:5 | Identified the ring of Bagaesare {rC+ SInv}
 93464 | Vaults:5 | Identified the +7 chain mail of Noughts and Crosses {rC+
                  | Dex+3}
 93956 | Vaults:5 | Got the Reference Book on Flames and Dislocation
 94473 | Slime:1  | Entered Level 1 of the Pits of Slime
 94706 | Slime:2  | Noticed Dissolution
 94710 | Slime:2  | Gained mutation: You are dopey. (Int -2) [a shining eye]
 94936 | Slime:2  | Killed Dissolution
 95086 | Slime:2  | Found a viscous altar of Jiyva.
 96056 | Slime:5  | Entered Level 5 of the Pits of Slime
 96147 | Slime:5  | Noticed the Royal Jelly
 96263 | Slime:5  | Reached skill level 10 in Armour
 96579 | Slime:5  | Reached skill level 15 in Summonings
 96609 | Slime:5  | Killed the Royal Jelly
 96890 | Slime:5  | Found the +11 plutonium sword {Contam Stlth-}
 96946 | Slime:5  | Found the +8 autumn katana {vorpal, manifold assault}
 96956 | Slime:5  | Identified the ring of Ekuagh {Will+ Dex+4}
 96970 | Slime:5  | Identified the +4 bardiche "Kumoxtyu" {drain, rF++ Dex+4}
 97009 | Slime:5  | Identified the +2 war axe "Umuetumo" {elec, rC++ Str-2
                  | Dex+4}
 97014 | Slime:5  | Identified the +10 great mace of the Vase {vamp, rF++ MP-9
                  | Dex+2}
 97041 | Slime:5  | Got a slimy rune of Zot
 97782 | Hell     | Entered the Vestibule of Hell
 97782 | Hell     | Noticed Geryon
 97788 | Hell     | Killed Geryon
 97950 | Hell     | Reached skill level 27 in Conjurations
 98034 | Depths:1 | HP: 6/180 [putrid mouth][a doom hound] (11)]
 98034 | Depths:1 | HP: 2/180 [poisoned by a putrid mouth (dark miasma)]
 98035 | Depths:1 | Succumbed to a putrid mouth's dark miasma

Illustrated notes

Levels and vault maps discovered:
D:1:      wander_arrival_fairy_ring, layout_basic,
          hangedman_abyss_or_decor_lesser_grid
D:2:      layout_loops_ring, basic_ecumenical_altar, basic_altar, uniq_terence
D:3:      layout_loops_cross, ebering_ghost_sewer_d, uniq_robin
D:4:      layout_loops_ring, serial_bayou_lake_a
D:5:      layout_rooms, minmay_temple_entry_stoned_glass,
          cheibrodos_sewer_entry_bend, serial_shops, nicolae_shop_waterfront,
          minmay_misc_feat_four_crosses
D:6:      layout_basic, serial_shops, shop
D:7:      layout_gridville
D:8:      layout_basic, fedhas_altar_3, minmay_diamond_spiral
D:9:      layout_roguey, minitemple, hive_lemuel
D:10:     minmay_cornered_nines, layout_gridville,
          grunt_lair_entry_orc_guard_hut, david_orc_3, minivault_13
D:11:     layout_irregular_city, serial_shops, shop,
          nemelex_diamond_rough_becter
D:12:     layout_loops_ring, uniq_urug, uniq_frances
D:13:     layout_loops_ring, david_vaults_2, grunt_decor_clamped,
          minmay_misc_feat_tiny, kennysheep_generic_room_8
D:14:     layout_irregular_city, dreamdust_princess_corridor
D:15:     grunt_enter_depths_hoard, layout_irregular_city,
          gammafunk_ghost_crypt, amcnicky_mini_rare_corridor_liquid,
          gauntlet_entry_generic, serial_column_ruins, column_ruins_hut_water,
          column_ruins_open_small, column_ruins_open_large,
          column_ruins_corridor_dead_end, column_ruins_open_medium,
          column_ruins_columns_dead_end, column_ruins_grid_2, fountainhead,
          uniq_jorgrun
Lair:1:   layout_loops_ring, uniq_gastronok
Lair:2:   layout_hall_layers, swamp_mist, kennysheep_rathole, grunt_megastairs_4
Lair:3:   layout_cave_pods, uniq_snorg
Lair:4:   layout_gridlike, minmay_snake_entry_spellcaster,
          portal_ice_cave_entry_imps, serial_bayou_shore_b
Lair:5:   wad_woods_structure_01, layout_regular_city,
          nicolae_slime_entry_slimehenge, st_stairs_8, nicolae_lair_lil_pond,
          eino_house_with_fridge
Lair:6:   hellmonk_lair_end_abyssal_woods, layout_small_grid, grunt_megastairs_2
Swamp:1:  layout_basic_swamp, gammafunk_ghost_abyssal_escape, serial_swamp_ruin,
          evilmike_swamp_ruin_house_3, hangedman_swamp_ruin_wall,
          evilmike_swamp_ruin_house_4, infiniplex_staircase_pool, uniq_donald
Swamp:2:  layout_basic_swamp, evilmike_swamp_ruin_rubble_2, swamp_pool2,
          nicolae_swamp_triple_paths
Swamp:3:  layout_basic_swamp, evilmike_swamp_ruin_house_6
Swamp:4:  swamp_pestilence, layout_basic_swamp, swamp_pool2,
          nicolae_swamp_round_clearing, infiniplex_staircase_pool_2
Snake:1:  layout_layer_cave, nicolae_snake_coiling_death
Snake:2:  nicolae_snake_crotalidae_crossing, layout_misc_corridors, uniq_agnes
Snake:3:  layout_rooms, hangedman_venom_bottle, serial_bayou_shore_b,
          uniq_vashnia, uniq_aizul
Snake:4:  grunt_snake_rune_spirals, layout_onion_interference, uniq_roxanne
Slime:1:  layout_caves
Slime:2:  cheibrodos_slime_lost_civilization_8, layout_caves, basic_altar,
          dissolution_awaits
Slime:3:  layout_caves
Slime:4:  layout_caves
Slime:5
Orc:1:    layout_caves, ebering_ghost_reflecting_pool, serial_shops,
          nicolae_shop_hallway_plus, uniq_erica
Orc:2:    st_orc_elflike, layout_diamond_mine
Elf:1:    eino_elf_arrival_customs, layout_onion_city, basic_altar,
          evilmike_minifort, minmay_strange_pillars, kilobyte_mutagenic_chamber
Elf:2:    nicolae_elf_blades_splatter_lattice [grunt_blade_entry_basic],
          layout_gridlike, serial_shops, nicolae_shop_crystal, st_stairs_9,
          evilmike_ambush [evilmike_ambush_outer_basic,
          evilmike_ambush_inner_pond]
Elf:3:    elf_hall, layout_geoelf_octagon, uniq_mara
Vaults:1: ontoclasm_vaults_spin, hangedman_vaults_river_flow,
          nicolae_vaults_rhombus_6, vaults_room_semicircle,
          grunt_tower_of_power, grunt_vaults_trifunnel,
          nicolae_vaults_triangles, hangedman_vaults_stretched_pinwheel,
          hangedman_vaults_stitches, vaults_room_mumra_shop_pool,
          vaults_room_large_hall, grunt_vaults_funnel, layout_vaults_maze
Vaults:2: hangedman_vaults_slice, hangedman_vaults_hat, v_pattern_1,
          vaults_standard_mumra_lines, hangedman_vaults_nails,
          nicolae_vaults_little_squares_1, hangedman_vaults_corner,
          layout_vaults_omnibox, serial_shops, nicolae_shop_window_shopping,
          uniq_margery, uniq_boris
Vaults:3: v_pattern_3, minmay_crypt_entry_simple_corners,
          nicolae_vaults_yaktaur_gun_rack, v_misc_18, hangedman_vaults_impose,
          grunt_vaults_swirl, vaults_room_hangedman_quadrants,
          nicolae_vaults_border_crossing, layout_vaults_omnicross, serial_shops,
          bzr_entry_islet, nicolae_shop_crystal, nicolae_shop_crystal,
          uniq_saint_roka
Vaults:4: mu_enter_wizlab_5, hangedman_vaults_stream, dpeg_vaults_monster_box,
          v_misc_25, hangedman_vaults_snaps, vaults_room_semicircle,
          layout_vaults_big_room, serial_shops,
          nicolae_shop_temple_entry_statues_fountains
Vaults:5: uniq_sojobo
Depths:1: kennysheep_cluttered_fort, layout_gridville, pan_entry,
          roderic_malta_cross, lightli_too_deep, abyss_entry,
          grunt_decor_one_mirror, serial_bayou_ford_a, tgw_lugonu_bribe
Depths:2: nicolae_cairo_tiling_very_big, layout_cross, hangedman_decor_push,
          pf_hell_entry_great_geh, serial_shops, kennysheep_mini,
          grunt_pan_entry_zigzag, infiniplex_staircase_zigzag_1
Depths:3: kennysheep_large_spiral, layout_basic, pf_hell_entry_tar_river,
          minmay_misc_feat_pillars, abyss_entry, chequers_serial_rivers_small_3,
          infiniplex_staircase_trident, minmay_shop_star, serial_bayou_shore_b
Depths:4: evilmike_zot_entry_hall, layout_cave_pools, enter_ziggurat_a,
          hangedman_coc_ice_floe, grunt_pan_entry_in_and_out, serial_shops,
          statue_bzr, abyss_entry_flame_altar
Hell

Skill      XL: |  1  2  3  4  5  6  7  8  9 10 11 12 13 14 15 16 17 18 19 20 21 22 23 24 25 26 |
---------------+-------------------------------------------------------------------------------+-----
Conjurations   | 2 3 4 5 7 8 9 10 12 13 15 16 19 21 22 24 25 27 | 27.0
Fighting       | 1 2 3 4 5 6 8 9 11 13 14 15 16 17 18 19 20 21 22 | 22.3
Air Magic      | 5 6 7 9 12 13 15 16 18 20 21 22 23 24 25 26 27 | 27.0
Evocations     | 1 2 3 4 |  4.0
Spellcasting   | 4 5 7 8 10 11 12 14 15 17 18 | 18.2
Summonings     | 3 7 9 10 12 14 15 | 15.3
Invocations    | 3 5 6 7 9 10 11 | 11.0
Polearms       | 2 7 10 12 14 | 14.0
Armour         | 2 4 6 7 11 | 11.0
Dodging        | 3 5 |  5.0
Shields        | 3 5 7 8 |  8.0
Stealth        | |  2.0

Action                   |  1- 3 |  4- 6 |  7- 9 | 10-12 | 13-15 | 16-18 | 19-21 | 22-24 | 25-27 || total
-------------------------+-------+-------+-------+-------+-------+-------+-------+-------+-------++-------
Melee: Kick              |     3 |    23 |     8 |    55 |   174 |    43 |    38 |   299 |    21 ||   664
       Unarmed           |     1 |       |       |       |       |       |       |       |       ||     1
       Dagger            |     8 |    95 |    40 |   125 |   373 |    26 |       |       |       ||   667
       Peck              |     1 |    22 |     8 |    27 |    98 |    24 |    27 |   205 |    12 ||   424
       Punch             |       |       |     1 |     4 |     1 |       |       |       |       ||     6
       Staff             |       |       |       |       |       |    39 |    11 |    41 |     5 ||    96
       Demon trident     |       |       |       |       |       |    51 |   104 |   604 |    33 ||   792
Throw: Dart              |       |       |       |    10 |       |       |       |       |       ||    10
 Cast: Shock             |    67 |    73 |    41 |    13 |       |     1 |       |       |       ||   195
       Static Discharge  |       |    19 |   110 |   138 |    32 |    19 |       |       |       ||   318
       Airstrike         |       |       |     2 |     8 |     7 |    13 |       |       |       ||    30
       Summon Lightning  |       |       |       |    33 |   198 |    98 |    60 |    73 |     7 ||   469
       Lightning Bolt    |       |       |       |    28 |   124 |   341 |   196 |   115 |    58 ||   862
       Swiftness         |       |       |       |     1 |     1 |       |     1 |       |       ||     3
       Maxwell's Capacit |       |       |       |       |    13 |    86 |   171 |    88 |    58 ||   416
       Spellforged Servi |       |       |       |       |       |       |    13 |    64 |     8 ||    85
       Chain Lightning   |       |       |       |       |       |       |       |     6 |    69 ||    75
       Iskenderun's Batt |       |       |       |       |       |       |       |     2 |       ||     2
       Conjure Ball Ligh |       |       |       |       |       |       |       |       |     1 ||     1
Invok: Shadow Form       |       |       |       |       |       |       |     1 |       |       ||     1
Evoke: Wand              |       |       |       |     3 |     2 |       |     1 |       |       ||     6
       Tin of tremorston |       |       |       |       |       |     1 |       |       |       ||     1
       Box of beasts     |       |       |       |       |       |       |       |     1 |       ||     1
  Use: Scroll            |       |    15 |     4 |     9 |    12 |     9 |     9 |    13 |       ||    71
       Potion            |       |       |     1 |     1 |     1 |     1 |     5 |    11 |     5 ||    25
 Stab: Sleeping          |       |     1 |     1 |     3 |     1 |       |       |     1 |       ||     7
       Paralysed         |       |       |       |     8 |       |       |       |       |       ||     8
       Distracted        |       |       |       |     2 |     9 |     4 |     4 |    13 |     1 ||    33
Armor: Robe              |     2 |       |       |       |       |       |       |       |       ||     2
       Ring mail         |       |    39 |    47 |     3 |       |       |       |       |       ||    89
       Acid dragon scale |       |       |       |    31 |       |       |       |       |       ||    31
       Leather armour    |       |       |       |    65 |   158 |    16 |       |       |       ||   239
       Ice dragon scales |       |       |       |       |    48 |       |       |       |       ||    48
       Troll leather arm |       |       |       |       |       |    75 |    80 |   141 |    54 ||   350
Dodge: Dodged            |    18 |    89 |   108 |   199 |   536 |   302 |   211 |   331 |    87 ||  1881
Block: Kite shield       |       |       |       |       |       |   170 |   206 |   470 |   115 ||   961
       Buckler           |       |       |       |       |       |     5 |       |       |       ||     5

Table legend: (Time is in decaauts)
 A = Elapsed time spent in this place.
 B = Non-inter-level travel time spent in this place.
 C = Inter-level travel time spent in this place.
 D = Time resting spent in this place.
 E = Time spent auto-exploring this place.
 F = Levels seen in this place.
 G = Mean time per level.
                   A        B        C        D        E       F      G
               +--------+--------+--------+--------+--------+-----+--------+
         Total |  93504 |  86903 |   6601 |  24706 |  44102 |  55 | 1700.1 |
       Dungeon |  26305 |  23666 |   2639 |   6207 |  13811 |  15 | 1753.7 |
          Lair |  10913 |   9633 |   1280 |   1278 |   5818 |   6 | 1818.8 |
         Swamp |   6985 |   6690 |    295 |   2707 |   2851 |   4 | 1746.2 |
     Snake Pit |  10825 |  10315 |    510 |   4186 |   4637 |   4 | 2706.2 |
    Slime Pits |   2655 |   2531 |    124 |   1436 |    537 |   5 |  531.0 |
  Orcish Mines |   4018 |   3758 |    260 |   1826 |   1210 |   2 | 2009.0 |
   Elven Halls |   7999 |   7648 |    351 |   1668 |   4240 |   3 | 2666.3 |
        Vaults |  11087 |  10465 |    622 |   1960 |   5513 |   5 | 2217.4 |
        Depths |   8998 |   8480 |    518 |   2285 |   4242 |   4 | 2249.5 |
          Hell |     16 |     16 |      0 |      0 |      0 |   1 |   16.0 |
        Bazaar |    156 |    156 |      0 |      0 |     75 |   2 |   78.0 |
         Sewer |    345 |    345 |      0 |     18 |    239 |   1 |  345.0 |
      Ice Cave |   1470 |   1470 |      0 |    645 |    269 |   1 | 1470.0 |
        Wizlab |   1093 |   1093 |      0 |    268 |    546 |   1 | 1093.0 |
      Gauntlet |    632 |    632 |      0 |    214 |    109 |   1 |  632.0 |
               +--------+--------+--------+--------+--------+-----+--------+

Top non-repeatable levels by time:
   Elf:1: 3996 daAuts
    D:10: 3445 daAuts
 Snake:2: 3124 daAuts
Depths:3: 2986 daAuts
  Lair:5: 2895 daAuts
  Lair:6: 2762 daAuts
 Snake:4: 2691 daAuts
   Orc:1: 2672 daAuts
Vaults:1: 2550 daAuts
 Snake:1: 2525 daAuts
 Snake:3: 2484 daAuts
    D:13: 2373 daAuts
Vaults:4: 2253 daAuts
Depths:1: 2247 daAuts
Vaults:5: 2234 daAuts
